 Dungeon Crawl Stone Soup version 0.31-a0-1616-gbeaec30b81 (webtiles) character file.

Game seed: 6306949831969860200

123755 quinnr the Stormcaller (level 16, 0/104 HPs)
             Began as a Tengu Air Elementalist on Jan 10, 2024.
             Was an Elder of Vehumet.
             Succumbed to something's poison gas
             ... on level 3 of the Swamp.
             The game lasted 01:28:04 (37460 turns).

quinnr the Stormcaller (Tengu Air Elementalist)    Turns: 37460, Time: 01:28:05

Health: 0/104      AC:  6    Str: 10    XL:     16   Next: 91%
Magic:  4/30       EV: 21    Int: 22    God:    Vehumet [****..]
Gold:   2657       SH:  7    Dex: 15    Spells: 3/33 levels left

rFire   . . .        b - staff of the Dove {Fly rElec rN+ Stlth+ Air, !a}
rCold   + . .        R - +2 buckler {reflect}
rNeg    + . .        d - +0 robe {Will+}
rPois   .            (helmet restricted)
rElec   +            S - +2 cloak
rCorr   .            y - +0 pair of gloves
SInv    .            (boots unavailable)
Will    ++...        p - amulet of regeneration
Stlth   ++++         Y - +4 ring of slaying
HPRegen 1.17/turn    C - ring of protection from cold
MPRegen 0.22/turn

%: reflection, acrobat
@: lethally poisoned (0 -> -16), flying
A: beak, talons 3, evasive flight, acrobatic
a: Renounce Religion


You were on level 3 of the Swamp.
You worshipped Vehumet.
Vehumet was greatly pleased with you.
You visited 4 branches of the dungeon, and saw 24 of its levels.
You also visited: Ossuary and Bailey.

You collected 2812 gold pieces.
You spent 155 gold pieces at shops.


Innate Abilities, Weirdness & Mutations

You have a beak for a mouth.
You have claws for feet.
Your magical flight helps you evade attacks. (EV +4)
You can magically evade attacks while moving or waiting.


   Skills:
 - Level 13.0 Fighting
 - Level 2.0 Maces & Flails
 + Level 10.3 Dodging
 - Level 4.0 Stealth
 - Level 4.0 Shields
 - Level 9.0 Spellcasting
 + Level 16.6 Conjurations
 - Level 5.0 Ice Magic
 - Level 20.0 Air Magic
 - Level 9.1 Alchemy
 - Level 5.0 Evocations


You had 3 spell levels left.
You knew the following spells:

 Your Spells              Type           Power      Damage    Failure   Level
c - Maxwell's Capacitive  Air            49%        ∞         4%          8
f - Freezing Cloud        Conj/Ice/Air   41%        6-21      1%          5
i - Swiftness             Air            98%        N/A       0%          3
m - Mephitic Cloud        Conj/Alch/Air  86%        N/A       1%          3
t - Static Discharge      Conj/Air       100%       3-8/arc   0%          2
z - Shock                 Conj/Air       100%       1d9       0%          1
X - Mercury Vapours       Alch/Air       100%       N/A       1%          2
Y - Conjure Ball Lightni  Conj/Air       47%        3x3d16    1%          6

Your spell library contained the following spells:

 Spells                   Type           Power      Damage    Failure   Level
 Kiss of Death            Conj/Necr      100%       2d13      1%          1
 Sting                    Conj/Alch      100%       1d9       1%          1
 Cigotuvi's Dreadful Rot  Necr/Alch/Air  100%       N/A       1%          2
 Dazzling Flash           Conj/Hex       92%        N/A       1%          3
 Ensorcelled Hibernation  Hex/Ice        40%        N/A       4%          2
 Volatile Blastmotes      Fire/Tloc      18%        2d11      8%          3
 Apportation              Tloc           18%        N/A       10%         1
 Necrotise                Necr           36%        1d5       10%         1
 Summon Small Mammal      Summ           36%        N/A       10%         1
 Summon Ice Beast         Ice/Summ       20%        N/A       10%         3
 Sublimation of Blood     Necr           9%         N/A       14%         2
 Call Canine Familiar     Summ           9%         N/A       28%         3
 Fugue of the Fallen      Necr           9%         N/A       28%         3
 Sigil of Binding         Hex            9%         N/A       28%         3
 Airstrike                Air            49%        2d(7-23)  1%          4
 Fireball                 Conj/Fire      23%        3d11      2%          5
 Silence                  Hex/Air        34%        N/A       4%          5
 Starburst                Conj/Fire      23%        6d8       13%         6
 Sculpt Simulacrum        Ice/Alch       20%        N/A       63%         6
 Anguish                  Hex/Necr       4%         N/A       67%         4
 Cause Fear               Hex            4%         N/A       67%         4
 Dimensional Bullseye     Hex/Tloc       4%         N/A       67%         4
 Summon Blazeheart Golem  Fire/Summ      9%         N/A       67%         4
 Ozocubu's Refrigeration  Ice            15%        4d10      91%         7
 Curse of Agony           Necr           9%         N/A       95%         5
 Summon Mana Viper        Hex/Summ       9%         N/A       95%         5
 Death Channel            Necr           4%         N/A       100%        6
 Monstrous Menagerie      Summ           4%         N/A       100%        7
 Dragon's Call            Summ           4%         N/A       100%        9
 Polar Vortex             Ice            15%        12d2*     100%        9

Inventory:

Hand Weapons
 a - the +8 mace "Tekorr" {pain, rC+ Dex+3 Stlth+}
   (You found it on level 3 of the Dungeon)

   Dex+3:     It affects your dexterity (+3).
   rC+:       It protects you from cold.
   Stlth+:    It makes you more stealthy.
 O - the +4 short sword "Ydde" {flame, rF++ MP-9}
   (You found it in a bailey)

   rF++:      It greatly protects you from fire.
   MP-9:      It affects your magic capacity (-9).
Missiles
 q - 6 javelins
 t - 5 throwing nets {=f}
Armour
 d - a +0 robe of willpower (worn)
 y - a +0 pair of gloves (worn)
 R - a +2 buckler of reflection (worn)
 S - a +2 cloak (worn)
Magical Staves
 b - the staff of the Dove (weapon) {Fly rElec rN+ Stlth+ Air, !a}
   (You acquired it on level 9 of the Dungeon)

   [staff of air]

   Base accuracy: +5 Base damage: 5 Base attack delay: 1.2 This weapon's minimum
   attack delay (0.6) is reached at skill level 12.
   rElec:     It insulates you from electricity.
   rN+:       It protects you from negative energy.
   Fly:       It grants you flight.
   Stlth+:    It makes you more stealthy.
   Air:       It increases the power of your Air spells.
   It falls into the 'Staves' category.
   It is a one-handed weapon.
 M - a staff of conjuration {!a}
Jewellery
 p - an amulet of regeneration (around neck)
 v - a ring of see invisible
 C - a ring of protection from cold (right hand)
 F - a ring of protection from fire
 Q - the ring "Ogruqy" {EV+5 Dex+4}
   (You found it on level 8 of the Dungeon)

   [ring of evasion]

   EV+5:      It affects your evasion (+5).
   Dex+4:     It affects your dexterity (+4).
 Y - a +4 ring of slaying (left hand)
Wands
 n - a wand of charming (32)
 s - a wand of flame (23)
 x - a wand of acid (4)
 B - a wand of iceblast (7)
 L - a wand of polymorph (10)
 V - a wand of mindburst (25)
 Z - a wand of digging (6)
Scrolls
 i - 9 scrolls of teleportation {@r2}
 j - 4 scrolls of fog
 l - 3 scrolls of amnesia
 o - 7 scrolls of fear
 A - 4 scrolls of enchant armour
 E - 5 scrolls of blinking
 I - 3 scrolls of revelation
 K - 2 scrolls of summoning
 P - 2 scrolls of enchant weapon
 U - 2 scrolls of immolation
 W - a scroll of brand weapon {unknown}
 X - 3 scrolls of poison
Potions
 c - 7 potions of brilliance
 e - 4 potions of resistance
 f - 5 potions of haste {@q3}
 g - 2 potions of degeneration
 h - 14 potions of curing {@q1}
 k - 6 potions of enlightenment
 m - 2 potions of mutation
 r - a potion of might
 u - 5 potions of lignification
 z - 3 potions of heal wounds {@q2}
 D - 3 potions of berserk rage {!q}
 G - 5 potions of magic
 H - 2 potions of ambrosia
 J - 2 potions of invisibility
 N - 2 potions of cancellation
Miscellaneous
 w - a phial of floods
 T - a phantom mirror

Dungeon Overview and Level Annotations

Branches:
Dungeon (15/15)            Temple (0/1) D:7            Lair (5/5) D:9
  Swamp (3/4) Lair:3        Snake (1/4) Lair:3        Slime (0/5) Lair:4
    Orc (0/2) D:12         Vaults (0/5) D:13         Depths (0/4) D:15
Ossuary (visited)          Bailey (visited)

Altars:
Cheibriados
Dithmenos
Elyvilon
Fedhas
Gozag
Hepliaklqana
Kikubaaqudgha
Nemelex Xobeh
Ru
Sif Muna
Uskayaw
Vehumet
Wu Jian
Xom
Yredelemnul
Zin
The Shining One
Jiyva

Shops:
D:4 !:   D:7 ?   D:8 !   D:10 [   D:11 : D:12

!((*=
♣..~~~.♣♣≈....≈≈~♣.~≈≈≈≈≈
♣♣§~~~..♣♣~.~..≈≈≈.♣≈≈≈~≈
♣♣~~~...).~.≈≈≈~.~≈≈≈♣..
♣.~...♣♣≈♣≈≈≈...≈≈).≈.♣
~.~~....♣♣○≈≈○°≈≈.~~≈≈..♣.
.~../.♣♣♣☼☼D○○≈≈~≈......~≈
.~..~~~~♣°○○♣§☼°°°≈♣.♣~♣.≈≈≈
....~~.♣♣○○♣♣♣°°○°○≈≈≈≈≈≈≈≈~
.~.~~$♣~○°°@♣♣°~.~≈≈≈≈≈≈≈§~~
~.......~~°~.♣♣~.....~~♣~~~~
.~~~~~~~~.~~~..♣.~.♣~.~~.
§~~..~~~~§.♣♣♣♣♣.~.♣♣.~~~
~.♣♣..~~~.♣♣ ♣♣.♣♣♣.~~~ .♣
♣.♣♣♣♣♣♣ ♣♣~~♣.~~~ ♣♣
♣.~..~§~ ♣~~~..~♣ ♣~~~.♣♣♣


There were no monsters in sight!


Message History

The swamp dragon completely misses you.
You feel very sick.
The swamp dragon breathes poison at you.
The blast of poison misses you.
You are engulfed in poison gas.
You are more poisoned.
* * * LOW HITPOINT WARNING * * *
You feel extremely sick.
You feel extremely sick.
You feel very sick.
You feel very sick.
The swamp dragon breathes poison at you.
The blast of poison misses you.
You are engulfed in poison gas.
You are lethally poisoned!
* * * LOW HITPOINT WARNING * * *
x2 You feel extremely sick.
There is a stone staircase leading up here.
Unknown command.
You feel better.
You are engulfed in poison gas.
You are poisoned.
* * * LOW HITPOINT WARNING * * *
You feel very sick.
Unknown command.
Unknown command.
Unknown command.
You are engulfed in poison gas.
You are lethally poisoned!
* * * LOW HITPOINT WARNING * * *
You die...

Skill      XL: |  1  2  3  4  5  6  7  8  9 10 11 12 13 14 15 16 |
---------------+-------------------------------------------------+-----
Conjurations   | 2 3 4 5 7 8 9 11 12 15 16 | 16.6
Air Magic      | 5 6 8 9 11 12 14 16 18 20 | 20.0
Alchemy        | 1 2 3 4 7 9 |  9.1
Maces & Flails | 2 |  2.0
Fighting       | 3 4 5 7 10 12 13 | 13.0
Evocations     | 3 4 5 |  5.0
Spellcasting   | 3 4 5 7 9 |  9.0
Ice Magic      | 3 5 |  5.0
Dodging        | 3 6 8 10 | 10.3
Stealth        | 3 4 |  4.0
Shields        | 4 |  4.0

Action                     |  1- 3 |  4- 6 |  7- 9 | 10-12 | 13-15 | 16-18 || total
---------------------------+-------+-------+-------+-------+-------+-------++-------
  Melee: Unarmed           |    19 |       |       |       |     3 |       ||    22
         Kick              |     3 |     4 |    21 |    28 |    22 |     1 ||    79
         Peck              |     2 |     1 |     8 |    17 |    12 |       ||    40
         Punch             |     1 |       |     2 |       |       |       ||     3
         Mace              |       |    12 |    63 |    26 |       |       ||   101
         Staff             |       |       |       |    51 |    47 |     4 ||   102
   Cast: Shock             |    67 |   111 |   226 |   270 |   224 |    30 ||   928
         Mercury Vapours   |       |     2 |    15 |    24 |    27 |     3 ||    71
         Static Discharge  |       |     2 |    20 |    63 |    93 |    12 ||   190
         Mephitic Cloud    |       |     2 |    16 |    43 |    37 |     4 ||   102
         Freezing Cloud    |       |       |     3 |    52 |   274 |   120 ||   449
         Swiftness         |       |       |       |     1 |     5 |       ||     6
         Maxwell's Capacit |       |       |       |       |    23 |     3 ||    26
         Conjure Ball Ligh |       |       |       |       |       |    25 ||    25
  Evoke: Wand              |       |       |     2 |       |    16 |     6 ||    24
         Phantom mirror    |       |       |       |       |     2 |       ||     2
         Phial of floods   |       |       |       |       |     1 |       ||     1
    Use: Scroll            |     3 |     1 |     9 |     6 |    11 |     3 ||    33
         Potion            |       |       |     1 |       |     2 |     3 ||     6
   Stab: Confused          |       |     1 |     9 |    14 |     1 |       ||    25
 Armour: Robe              |    24 |    23 |    58 |   174 |   294 |    94 ||   667
         Skin              |       |       |       |       |     3 |       ||     3
  Dodge: Dodged            |    29 |    36 |    67 |   124 |   231 |    45 ||   532
  Block: Buckler           |       |       |       |     3 |    87 |    12 ||   102
         Reflection        |       |       |       |       |    18 |     3 ||    21

Levels and vault maps discovered:
D:1:      minmay_arrival_plants_in_alcoves, layout_rooms,
          shapermc_ecumenical_altar_rom_forum, minivault_23
D:2:      layout_basic, basic_altar
D:3:      minmay_chambers_of_threes, layout_loops_ring, lemuel_tele_altar,
          lemuel_doored_altar, minivault_19, uniq_natasha
D:4:      layout_cave_pools, nicolae_dithmenos_the_darkroom, serial_shops, shop,
          nicolae_shop_waterfront
D:5:      layout_cave_pods, grunt_temple_overflow_gold_and_silver,
          nemelex_diamond_rough_becter, corexii_shack, kennysheep_nub,
          hangedman_decor_push, minmay_misc_feat_plants
D:6:      layout_rooms, nicolae_vehumet_altar_sigil,
          mainiacjoe_overflow_chevrons
D:7:      layout_rooms, overflow_temple_1_default, mainiacjoe_overflow_alcove_2,
          overflow_temple_1_default, minmay_temple_entry_wispy,
          mainiacjoe_ossuary_entry_dusty_tomb, serial_shops, shop,
          uniq_crazy_yiuf_cottage
D:8:      gammafunk_jiyva_shrine, layout_loops_ring, kennysheep_mini,
          pdpol_wu_jian_five_deadly_venoms, elyvilon_altar_3, serial_shops,
          shop, ebering_ghost_disaster_area
D:9:      layout_long_grid, kennysheep_orc_sif_temple, lair_entry_dummy,
          enter_bailey_4, kennysheep_generic_room_11
D:10:     layout_stronghold, nicolae_overflow_hidden_temple, serial_shops,
          nicolae_shop_trees
D:11:     layout_roguey [special_room_orc], serial_shops, shop
D:12:     minmay_bloctagon_deflated, layout_cross, hiddenorc2_lemuel,
          serial_shops, nicolae_shop_just_a_little_nook, nicolae_stop_n_shop_1,
          shop, shop_fountains, shop, palyth_stone_intersect, uniq_kirke
D:13:     layout_gridville, david_vaults_4, uniq_urug
D:14:     layout_loops_ring, yredelemnul_altar_generic, drop_trap
D:15:     grunt_enter_depths_snipers, layout_gridville, serial_rivers,
          chequers_serial_rivers_micro_c, chequers_serial_rivers_small_3,
          chequers_serial_rivers_micro_e, chequers_serial_rivers_micro_e
Lair:1:   layout_hall_layers, st_stairs_6, hangedman_tree_tricks, minivault_19
Lair:2:   layout_gridlike, grunt_megastairs_3, infiniplex_staircase_pool_2,
          uniq_harold
Lair:3:   layout_gridlike, swamp_mist, alex1729_snake_entry_snake,
          columned_hall_lemuel, chequers_serial_rivers_micro_a,
          nzn_masters_of_martial_movement, lemuel_fruit_fields
Lair:4:   beargit_carnivore_pack, layout_loops_ring,
          minmay_slime_entry_jelly_boxes
Lair:5:   grunt_lair_end_beastmaster, layout_regular_city,
          gammafunk_lair_bear_cave, grunt_megastairs_1,
          infiniplex_staircase_pool
Swamp:1:  layout_basic_swamp, evilmike_swamp_ruin_house_5, swamp_pool_4
Swamp:2:  layout_falls_marsh, evilmike_swamp_ruin_rubble_1
Swamp:3:  layout_basic_swamp, hangedman_swamp_cone, swamp_pool_1_2,
          nicolae_swamp_small_spring, nicolae_swamp_decorative_isthmus,
          nicolae_swamp_tree_isthmus, uniq_mlioglotl
Snake:1:  layout_misc_corridors, serial_bayou_lake_a, nicolae_integral_box,
          uniq_agnes, uniq_nikola

Notes
Turn   | Place    | Note
-------+----------+-------------------------------------------
     0 | D:1      | quinnr the Tengu Air Elementalist began the quest for the
                  | Orb.
     0 | D:1      | Reached XP level 1. HP: 10/10 MP: 4/4
    86 | D:1      | Reached skill level 2 in Conjurations
   152 | D:1      | Reached XP level 2. HP: 15/15 MP: 3/6
   660 | D:1      | Found a faded altar of an unknown god.
   664 | D:1      | Got Plato's Disquisition on Combat Magic
   799 | D:3      | Reached XP level 3. HP: 19/19 MP: 2/7
   916 | D:2      | Reached skill level 3 in Conjurations
   916 | D:2      | Reached skill level 5 in Air Magic
  1206 | D:2      | Learned a level 2 spell: Mercury Vapours
  1210 | D:2      | Learned a level 3 spell: Mephitic Cloud
  1226 | D:2      | Identified a potion of resistance
  1290 | D:3      | Reached XP level 4. HP: 9/24 MP: 2/8
  1741 | D:3      | Identified the +8 mace "Tekorr" {pain, rC+ Dex+3 Stlth+}
  1966 | D:3      | Found an ancient bone altar of Kikubaaqudgha.
  2044 | D:3      | Reached skill level 4 in Conjurations
  2252 | D:3      | Found a hazy altar of Hepliaklqana.
  2302 | D:3      | Reached skill level 1 in Alchemy
  2641 | D:3      | Reached XP level 5. HP: 28/28 MP: 7/9
  2671 | D:3      | Noticed Natasha
  2689 | D:3      | Killed Natasha
  2845 | D:3      | Learned a level 2 spell: Static Discharge
  2993 | D:3      | Reached skill level 6 in Air Magic
  3100 | D:4      | Noticed a black bear
  3103 | D:4      | Found Oseduofu's Distillery.
  3117 | D:4      | Killed a black bear
  3118 | D:4      | Reached skill level 5 in Conjurations
  3118 | D:4      | Reached skill level 2 in Alchemy
  3118 | D:4      | Reached XP level 6. HP: 31/32 MP: 4/10
  3424 | D:4      | Found Podeysov's Book Emporium.
  3564 | D:4      | Found a shadowy altar of Dithmenos.
  3695 | D:5      | Entered Level 5 of the Dungeon
  3897 | D:5      | Gained mutation: Your magical flight helps you evade
                  | attacks. (EV +4) [Tengu growth]
  3897 | D:5      | Reached XP level 7. HP: 24/36 MP: 4/11
  3899 | D:5      | Reached skill level 6 in Conjurations
  3899 | D:5      | Reached skill level 7 in Air Magic
  3899 | D:5      | Reached skill level 3 in Alchemy
  4119 | D:5      | Reached skill level 1 in Maces & Flails
  4385 | D:5      | Reached skill level 2 in Maces & Flails
  4385 | D:5      | Reached skill level 8 in Air Magic
  4412 | D:5      | Reached skill level 7 in Conjurations
  4639 | D:5      | Reached XP level 8. HP: 41/41 MP: 6/12
  4703 | D:5      | Found a glowing silver altar of Zin.
  4703 | D:5      | Found an opulent altar of Gozag.
  4892 | D:5      | Found a sparkling altar of Nemelex Xobeh.
  5215 | D:6      | Reached skill level 8 in Conjurations
  5215 | D:6      | Reached skill level 1 in Fighting
  5224 | D:6      | Reached skill level 2 in Fighting
  5416 | D:6      | Reached skill level 3 in Fighting
  5545 | D:6      | Found a sacrificial altar of Ru.
  5663 | D:6      | Reached skill level 1 in Evocations
  6039 | D:6      | Found a radiant altar of Vehumet.
  6049 | D:6      | Became a worshipper of Vehumet
  6273 | D:7      | Found a snail-covered altar of Cheibriados.
  6295 | D:7      | Reached skill level 3 in Spellcasting
  6295 | D:7      | Reached skill level 2 in Evocations
  6330 | D:7      | Reached skill level 3 in Evocations
  6343 | D:7      | Found a sand-covered staircase.
  6353 | Ossuary  | Entered an ossuary
  6470 | Ossuary  | Learned a level 5 spell: Freezing Cloud
  6537 | Ossuary  | Reached XP level 9. HP: 46/50 MP: 12/15
  6717 | Ossuary  | Reached skill level 1 in Ice Magic
  6797 | Ossuary  | Reached skill level 4 in Spellcasting
  6874 | Ossuary  | Reached * piety under Vehumet
  6874 | Ossuary  | Offered knowledge of Freeze by Vehumet.
  7275 | D:7      | Reached skill level 2 in Ice Magic
  7275 | D:7      | Reached skill level 4 in Evocations
  7279 | D:7      | HP: 3/50 [shadow (12)]
  7290 | D:7      | Reached skill level 9 in Conjurations
  7290 | D:7      | Reached skill level 9 in Air Magic
  7540 | D:7      | Found Tiel's Magic Scroll Shoppe.
  7540 | D:7      | Found a hide-covered altar of Uskayaw.
  7546 | D:7      | Bought a scroll of identify for 20 gold pieces
  7546 | D:7      | Bought a scroll of blinking for 75 gold pieces
  7697 | D:7      | Found a staircase to the Ecumenical Temple.
  7938 | D:7      | Found a shimmering altar of Xom.
  8027 | D:7      | Found a runed translucent door.
  8028 | D:7      | Noticed Crazy Yiuf
  8075 | D:7      | Killed Crazy Yiuf
  8076 | D:7      | Reached skill level 3 in Ice Magic
  8261 | D:8      | Found Cuigroh's Distillery.
  8271 | D:8      | Bought a potion of heal wounds for 60 gold pieces
  8294 | D:8      | Noticed a great orb of eyes
  8295 | D:8      | Found a viscous altar of Jiyva.
  8352 | D:8      | Reached skill level 4 in Fighting
  8650 | D:8      | Found an ornate altar of the Wu Jian Council.
  8670 | D:8      | Found a transporter.
  8672 | D:8      | Found a transporter.
  8767 | D:8      | Found a basalt altar of Yredelemnul.
  8821 | D:8      | Found a large runed translucent door.
  8821 | D:8      | Found a large runed translucent door.
  8823 | D:8      | Noticed mooti9's ghost (novice GnWn)
  8859 | D:8      | Found a white marble altar of Elyvilon.
  8893 | D:8      | Offered knowledge of Sandblast by Vehumet.
  8901 | D:8      | Reached XP level 10. HP: 46/56 MP: 9/17
  9101 | D:9      | Noticed a two-headed ogre
  9123 | D:9      | Killed a two-headed ogre
  9123 | D:9      | Reached ** piety under Vehumet
  9124 | D:9      | Reached skill level 10 in Conjurations
  9124 | D:9      | Reached skill level 4 in Ice Magic
  9124 | D:9      | Reached skill level 10 in Air Magic
  9475 | D:9      | Reached skill level 5 in Fighting
  9511 | D:9      | Found a staircase to the Lair.
  9619 | D:9      | Reached skill level 5 in Ice Magic
  9619 | D:9      | Reached skill level 11 in Air Magic
  9701 | D:9      | Found a flagged portal.
  9704 | D:9      | Reached skill level 11 in Conjurations
  9709 | Bailey   | Entered a bailey
  9859 | Bailey   | Noticed an orc warlord
  9891 | Bailey   | Offered knowledge of Searing Ray by Vehumet.
 10060 | Bailey   | Found a runed translucent gate.
 10155 | Bailey   | Found a runed translucent gate.
 10157 | Bailey   | Found a runed translucent gate.
 10184 | Bailey   | Acquired 738 gold pieces
 10265 | Bailey   | Learned a level 3 spell: Swiftness
 10419 | Bailey   | Killed an orc warlord
 10420 | Bailey   | Reached skill level 3 in Dodging
 10420 | Bailey   | Reached skill level 3 in Stealth
 10494 | Bailey   | Identified the +4 short sword "Ydde" {flame, rF++ MP-9}
 10503 | D:9      | Acquired the staff of the Dove {Fly rElec rN+ Stlth+ Air}
 10645 | D:9      | Reached XP level 11. HP: 63/63 MP: 3/18
 11006 | D:9      | Reached *** piety under Vehumet
 11063 | D:9      | Found a shimmering blue altar of Sif Muna.
 11363 | D:10     | Entered Level 10 of the Dungeon
 11368 | D:10     | Noticed a two-headed ogre
 11380 | D:10     | Killed a two-headed ogre
 11381 | D:10     | Reached skill level 4 in Dodging
 11381 | D:10     | Reached skill level 4 in Stealth
 11381 | D:10     | Reached skill level 1 in Shields
 11823 | D:10     | Offered knowledge of Brom's Barrelling Boulder by Vehumet.
 12018 | D:10     | Reached skill level 2 in Shields
 12223 | D:10     | Found a glowing golden altar of the Shining One.
 12335 | D:10     | Found Maschij's Antique Armour Boutique.
 12483 | D:10     | Reached skill level 12 in Conjurations
 12483 | D:10     | Reached skill level 12 in Air Magic
 12648 | D:10     | Reached skill level 5 in Dodging
 12813 | D:10     | Reached skill level 3 in Shields
 13126 | D:11     | Reached skill level 4 in Shields
 13290 | D:11     | Reached **** piety under Vehumet
 13290 | D:11     | Noticed a manticore
 13403 | D:11     | Killed a manticore
 13404 | D:11     | Reached skill level 6 in Dodging
 13812 | D:11     | Found Givoog's Book Shop.
 14004 | D:11     | Reached skill level 5 in Spellcasting
 14006 | D:11     | Offered knowledge of Hailstorm by Vehumet.
 14618 | D:12     | Found Raar's General Store.
 14624 | D:12     | Noticed a deep elf pyromancer
 14631 | D:12     | Killed a deep elf pyromancer
 14632 | D:12     | Reached skill level 5 in Evocations
 14632 | D:12     | Reached XP level 12. HP: 50/68 MP: 6/21
 14788 | Lair:1   | Entered Level 1 of the Lair of Beasts
 14797 | Lair:1   | Reached skill level 7 in Dodging
 14878 | Lair:1   | Reached skill level 6 in Spellcasting
 15349 | Lair:1   | Reached skill level 8 in Dodging
 15354 | Lair:1   | Reached skill level 7 in Spellcasting
 15497 | Lair:1   | Found a blossoming altar of Fedhas.
 15942 | Lair:1   | Reached skill level 6 in Fighting
 16155 | Lair:2   | Reached skill level 13 in Air Magic
 16208 | Lair:2   | Reached ***** piety under Vehumet
 16274 | Lair:2   | Noticed a five-headed hydra
 16280 | Lair:2   | Killed a five-headed hydra
 16280 | Lair:2   | Offered knowledge of Flame Wave by Vehumet.
 16385 | Lair:2   | Noticed Harold
 16392 | Lair:2   | Killed Harold
 16393 | Lair:2   | Reached skill level 7 in Fighting
 16656 | Lair:2   | Reached skill level 14 in Air Magic
 16810 | Lair:2   | Reached XP level 13. HP: 78/78 MP: 18/24
 16846 | Lair:2   | Reached skill level 8 in Fighting
 16966 | Lair:2   | Reached skill level 15 in Air Magic
 17573 | Lair:2   | Reached skill level 16 in Air Magic
 18088 | Lair:3   | Offered knowledge of Yara's Violent Unravelling by Vehumet.
 18089 | Lair:3   | Reached skill level 9 in Fighting
 18599 | Lair:3   | Reached skill level 10 in Fighting
 18780 | Lair:3   | Found an ornate altar of the Wu Jian Council.
 18781 | Lair:3   | You are sucked into a shaft and drop 2 floors!
 18781 | Lair:5   | Entered Level 5 of the Lair of Beasts
 19069 | Lair:4   | Reached skill level 8 in Spellcasting
 19186 | Lair:4   | Found a viscous altar of Jiyva.
 19387 | Lair:4   | Found a staircase to the Slime Pits.
 19539 | Lair:4   | Reached skill level 9 in Spellcasting
 19548 | Lair:4   | Learned a level 8 spell: Maxwell's Capacitive Coupling
 19978 | Lair:4   | Reached XP level 14. HP: 88/88 MP: 23/28
 20239 | Lair:3   | Found a staircase to the Swamp.
 20396 | Lair:3   | Found a staircase to the Snake Pit.
 20572 | Lair:3   | Found a hide-covered altar of Uskayaw.
 20831 | Lair:5   | Offered knowledge of Plasma Beam by Vehumet.
 21143 | Lair:5   | Reached skill level 13 in Conjurations
 21639 | Lair:5   | Reached skill level 17 in Air Magic
 23054 | Lair:5   | Reached skill level 14 in Conjurations
 23757 | D:12     | Found Xaaroocs's Jewellery Shop.
 24101 | D:12     | Noticed Kirke
 24108 | D:12     | Reached skill level 18 in Air Magic
 24130 | D:12     | Found Teonoor's Distillery.
 24517 | D:12     | Found a staircase to the Orcish Mines.
 24562 | D:12     | Killed Kirke
 24563 | D:12     | Reached skill level 15 in Conjurations
 24607 | D:12     | Found Fabbec's Antique Weapon Shop.
 24611 | D:12     | Found Doobybroo's Antique Weapon Shoppe.
 25341 | D:13     | Offered knowledge of Eringya's Noxious Bog by Vehumet.
 25342 | D:13     | Reached skill level 4 in Alchemy
 26118 | D:13     | Noticed Urug
 26133 | D:13     | Killed Urug
 26134 | D:13     | Reached XP level 15. HP: 92/92 MP: 9/29
 26243 | D:13     | You are sucked into a shaft and drop 2 floors!
 26243 | D:15     | Entered Level 15 of the Dungeon
 26276 | D:15     | HP: 2/92 [meliai/+0 hand axe (10)]
 26562 | D:15     | Reached skill level 5 in Alchemy
 27448 | D:15     | Found a staircase to the Depths.
 27688 | D:14     | Reached skill level 19 in Air Magic
 28131 | D:14     | Reached skill level 6 in Alchemy
 28616 | D:13     | Found a gate to the Vaults.
 28639 | D:13     | Reached skill level 11 in Fighting
 28913 | D:14     | Found a basalt altar of Yredelemnul.
 29816 | D:8      | Killed mooti9's ghost
 30136 | D:8      | Identified the ring "Ogruqy" {EV+5 Dex+4}
 30373 | D:8      | Got Pebewiuts's Incunable of Contamination and Profane
                  | Rites
 30863 | Snake:1  | Entered Level 1 of the Snake Pit
 30886 | Lair:3   | HP: 4/95 [naga ritualist/splash of poison (21)]
 31545 | Snake:1  | Reached skill level 7 in Alchemy
 31656 | Snake:1  | Noticed Nikola
 31669 | Snake:1  | Killed Nikola
 31963 | Lair:3   | Reached skill level 20 in Air Magic
 32197 | Snake:1  | Reached skill level 12 in Fighting
 32268 | Snake:1  | Reached XP level 16. HP: 75/101 MP: 15/30
 32277 | Lair:3   | HP: 8/101 [mana viper[a naga ritualist] (17)]
 32666 | Snake:1  | Reached skill level 8 in Alchemy
 32940 | Snake:1  | Noticed Agnes
 33135 | Snake:1  | Killed Agnes
 34409 | Swamp:1  | Entered Level 1 of the Swamp
 34462 | Swamp:1  | Reached skill level 9 in Alchemy
 34627 | Swamp:1  | Reached skill level 13 in Fighting
 35060 | Swamp:1  | Identified the +4 chain mail of Disappointment {rPois Str-4
                  | Dex+4}
 35348 | Swamp:1  | Offered knowledge of Conjure Ball Lightning by Vehumet.
 35356 | Swamp:1  | Learned a level 6 spell: Conjure Ball Lightning
 35516 | Swamp:2  | Noticed a thorn hunter
 35712 | Swamp:2  | Killed a thorn hunter
 36093 | Swamp:2  | Reached skill level 9 in Dodging
 36846 | Swamp:3  | Reached skill level 16 in Conjurations
 37022 | Swamp:3  | Noticed Mlioglotl
 37027 | Swamp:3  | Killed Mlioglotl
 37325 | Swamp:3  | Reached skill level 10 in Dodging
 37352 | Swamp:3  | Identified the +7 rapier "Q" {freeze, rF- rC+ Str+5 SInv}
 37458 | Swamp:3  | HP: 5/104 [poisoned by something (poison gas)]
 37460 | Swamp:3  | Succumbed to something's poison gas

Vanquished Creatures
  Nikola (Snake:1)
  Mlioglotl (Swamp:3)
  Kirke (D:12)
  Agnes (Snake:1)
  A thorn hunter (Swamp:2)
  An orc warlord (Bailey)
  A stone giant (D:15)
  2 eleionomae
  Harold (Lair:2)
  A great orb of eyes (D:8)
  11 hydras
  2 catoblepae (Lair:5)
  5 anacondas
  4 boulder beetles
  A ghost crab (Swamp:1)
  4 centaur warriors
  6 alligators
  A deep troll shaman (Lair:5)
  3 death yaks (Lair:5)
  2 tengu warriors (D:15)
  4 two-headed ogres
  Urug (D:13)
  A shock serpent (Snake:1)
  A skyshark (Lair:4)
  3 naga sharpshooters (Snake:1)
  4 skeletal warriors (D:14)
  The ghost of mooti9 the Carver, a novice GnWn of Dithmenos (D:8)
  4 goliath frogs
  A deep troll (D:13)
  4 spriggan druids
  2 swamp dragons (Swamp:3)
  2 sea snakes (Snake:1)
  5 naga ritualists
  11 mana vipers
  A harpy (shapeshifter) (D:15)
  6 bog bodies
  2 lindwurms
  A phantasmal warrior (D:13)
  2 oklob plants (Lair:1)
  3 cyclopes
  3 deep elf pyromancers
  3 will-o-the-wisps
  4 manticores
  A salamander (Lair:3)
  6 meliai
  16 elephants
  A naga mage (Snake:1)
  15 black mambas
  3 gargoyles
  13 cane toads
  4 komodo dragons
  A yaktaur (D:12)
  A freezing wraith (D:15)
  3 tengu conjurers
  4 polar bears (Lair:5)
  5 trolls
  4 hornets
  5 tyrant leeches
  A hornet (shapeshifter) (D:13)
  3 blink frogs (Lair:2)
  5 dream sheep (Lair:4)
  11 slime creatures
  A vampire (D:11)
  5 spriggans
  2 shadows
  7 hogs (D:12)
  76 yaks
  4 wyverns
  A steam dragon (D:7)
  A yak (shapeshifter) (D:12)
  A hog (shapeshifter) (D:13)
  6 basilisks
  16 vampire mosquitoes
  11 nagas
  10 water moccasins
  7 swamp worms
  3 acid dragons
  14 orc warriors
  3 swamp drakes
  An ice beast (D:7)
  5 ogres
  3 black bears
  2 sky beasts
  A tengu (shapeshifter) (D:13)
  14 centaurs
  16 wolves
  3 phantoms
  A weeping skull (Ossuary)
  10 bullfrogs
  4 kobold brigands
  3 scorpions
  A gnoll sergeant (D:13)
  5 water moccasin zombies (Ossuary)
  12 wights
  9 killer bees
  5 howler monkeys
  6 electric eels
  11 jellies
  3 bombardier beetles
  13 orc priests
  Crazy Yiuf (D:7)
  2 hounds
  A sleepcap (D:7)
  Natasha (D:3)
  4 iguanas
  12 orc wizards
  A crocodile zombie (Ossuary)
  A bullfrog simulacrum (Ossuary)
  2 mummies (Ossuary)
  3 gnolls (D:13)
  6 adders
  2 shadow imps (D:5)
  2 white imps
  4 ufetubi (D:6)
  4 adder zombies (Ossuary)
  4 dart slugs
  3 ribbon worms
  A ribbon worm (shapeshifter) (D:13)
  83 orcs
  5 ball pythons
  5 endoplasms
  7 giant cockroaches
  13 goblins
  7 hobgoblins
  2 jackals (D:1)
  A quokka (D:1)
  10 bats
  5 frilled lizards
  8 gnoll zombies (Ossuary)
  2 jackal zombies (Ossuary)
  29 kobolds
  3 orc zombies (Ossuary)
  6 rats
  A butterfly (Lair:3)
758 creatures vanquished.

Vanquished Creatures (collateral kills)
  A wyvern (Lair:5)
  2 ball lightnings (Swamp:3)
3 creatures vanquished.

Vanquished Creatures (others)
  A hornet (Swamp:1)
  52 ball lightnings
  6 foxfires
59 creatures vanquished.

Grand Total: 820 creatures vanquished

Table legend: (Time is in decaauts)
 A = Elapsed time spent in this place.
 B = Non-inter-level travel time spent in this place.
 C = Inter-level travel time spent in this place.
 D = Time resting spent in this place.
 E = Time spent auto-exploring this place.
 F = Levels seen in this place.
 G = Mean time per level.
                   A        B        C        D        E       F      G
               +--------+--------+--------+--------+--------+-----+--------+
         Total |  37594 |  35592 |   2002 |   5512 |  23346 |  26 | 1445.9 |
       Dungeon |  20554 |  19356 |   1198 |   2130 |  13620 |  15 | 1370.3 |
          Lair |  10029 |   9398 |    631 |   1815 |   5866 |   5 | 2005.8 |
         Swamp |   2906 |   2832 |     74 |    818 |   1481 |   3 |  968.7 |
     Snake Pit |   2562 |   2463 |     99 |    463 |   1539 |   1 | 2562.0 |
       Ossuary |    748 |    748 |      0 |     99 |    447 |   1 |  748.0 |
        Bailey |    793 |    793 |      0 |    187 |    393 |   1 |  793.0 |
               +--------+--------+--------+--------+--------+-----+--------+

Top non-repeatable levels by time:
  Lair:5: 2628 daAuts
 Snake:1: 2562 daAuts
  Lair:3: 2352 daAuts
    D:10: 2185 daAuts
  Lair:2: 1941 daAuts
     D:3: 1778 daAuts
    D:13: 1771 daAuts
     D:8: 1753 daAuts
     D:9: 1728 daAuts
  Lair:1: 1705 daAuts
     D:5: 1516 daAuts
    D:12: 1505 daAuts
    D:11: 1482 daAuts
  Lair:4: 1402 daAuts
    D:15: 1365 daAuts

Table legend:
 A = Non-vault XP
 B = Vault XP
 C = Vault XP percentage of total XP
 D = Non-vault monster count
 E = Vault monster count
 F = Vault count percentage of total count
                 A         B        C        D         E       F
            +---------+---------+-------+---------+---------+-------
      Total |  137286 |   39508 |  22.3 |     548 |     211 |  27.8
            +---------+---------+-------+---------+---------+-------
        D:1 |      31 |       0 |   0.0 |      20 |       0 |   0.0
        D:2 |      43 |       0 |   0.0 |      11 |       0 |   0.0
        D:3 |     110 |      58 |  34.5 |      17 |      13 |  43.3
        D:4 |     249 |       0 |   0.0 |      15 |       0 |   0.0
        D:5 |     755 |       2 |   0.3 |      19 |       1 |   5.0
        D:6 |     615 |       0 |   0.0 |      28 |       0 |   0.0
        D:7 |    1409 |      40 |   2.8 |      20 |       1 |   4.8
        D:8 |    2355 |    1870 |  44.3 |      22 |       3 |  12.0
        D:9 |    3065 |     320 |   9.5 |      20 |      11 |  35.5
       D:10 |    4453 |       0 |   0.0 |      36 |       0 |   0.0
       D:11 |    1759 |    1481 |  45.7 |      13 |      27 |  67.5
       D:12 |    5588 |    4628 |  45.3 |      16 |      43 |  72.9
       D:13 |    7190 |    3819 |  34.7 |      27 |       6 |  18.2
       D:14 |    8490 |       0 |   0.0 |      18 |       0 |   0.0
       D:15 |    5935 |    2715 |  31.4 |      16 |       3 |  15.8
     Lair:1 |    6378 |    1593 |  20.0 |      29 |       3 |   9.4
     Lair:2 |   12736 |    1844 |  12.6 |      48 |       5 |   9.4
     Lair:3 |   10553 |    1797 |  14.6 |      26 |       5 |  16.1
     Lair:4 |    6389 |    1200 |  15.8 |      20 |      13 |  39.4
     Lair:5 |    4630 |   10362 |  69.1 |      19 |      25 |  56.8
    Swamp:1 |    7440 |       0 |   0.0 |      21 |       0 |   0.0
    Swamp:2 |   12691 |       0 |   0.0 |      22 |       0 |   0.0
    Swamp:3 |   11535 |    1757 |  13.2 |      19 |       1 |   5.0
    Snake:1 |   22887 |    3851 |  14.4 |      46 |       2 |   4.2
    Ossuary |       0 |     632 | 100.0 |       0 |      27 | 100.0
     Bailey |       0 |    1539 | 100.0 |       0 |      22 | 100.0
            +---------+---------+-------+---------+---------+-------

Levels and vault maps discovered:
D:1:      minmay_arrival_plants_in_alcoves, layout_rooms,
          shapermc_ecumenical_altar_rom_forum, minivault_23
D:2:      layout_basic, basic_altar
D:3:      minmay_chambers_of_threes, layout_loops_ring, lemuel_tele_altar,
          lemuel_doored_altar, minivault_19, uniq_natasha
D:4:      layout_cave_pools, nicolae_dithmenos_the_darkroom, serial_shops, shop,
          nicolae_shop_waterfront
D:5:      layout_cave_pods, grunt_temple_overflow_gold_and_silver,
          nemelex_diamond_rough_becter, corexii_shack, kennysheep_nub,
          hangedman_decor_push, minmay_misc_feat_plants
D:6:      layout_rooms, nicolae_vehumet_altar_sigil,
          mainiacjoe_overflow_chevrons
D:7:      layout_rooms, overflow_temple_1_default, mainiacjoe_overflow_alcove_2,
          overflow_temple_1_default, minmay_temple_entry_wispy,
          mainiacjoe_ossuary_entry_dusty_tomb, serial_shops, shop,
          uniq_crazy_yiuf_cottage
D:8:      gammafunk_jiyva_shrine, layout_loops_ring, kennysheep_mini,
          pdpol_wu_jian_five_deadly_venoms, elyvilon_altar_3, serial_shops,
          shop, ebering_ghost_disaster_area
D:9:      layout_long_grid, kennysheep_orc_sif_temple, lair_entry_dummy,
          enter_bailey_4, kennysheep_generic_room_11
D:10:     layout_stronghold, nicolae_overflow_hidden_temple, serial_shops,
          nicolae_shop_trees
D:11:     layout_roguey [special_room_orc], serial_shops, shop
D:12:     minmay_bloctagon_deflated, layout_cross, hiddenorc2_lemuel,
          serial_shops, nicolae_shop_just_a_little_nook, nicolae_stop_n_shop_1,
          shop, shop_fountains, shop, palyth_stone_intersect, uniq_kirke
D:13:     layout_gridville, david_vaults_4, uniq_urug
D:14:     layout_loops_ring, yredelemnul_altar_generic, drop_trap
D:15:     grunt_enter_depths_snipers, layout_gridville, serial_rivers,
          chequers_serial_rivers_micro_c, chequers_serial_rivers_small_3,
          chequers_serial_rivers_micro_e, chequers_serial_rivers_micro_e
Lair:1:   layout_hall_layers, st_stairs_6, hangedman_tree_tricks, minivault_19
Lair:2:   layout_gridlike, grunt_megastairs_3, infiniplex_staircase_pool_2,
          uniq_harold
Lair:3:   layout_gridlike, swamp_mist, alex1729_snake_entry_snake,
          columned_hall_lemuel, chequers_serial_rivers_micro_a,
          nzn_masters_of_martial_movement, lemuel_fruit_fields
Lair:4:   beargit_carnivore_pack, layout_loops_ring,
          minmay_slime_entry_jelly_boxes
Lair:5:   grunt_lair_end_beastmaster, layout_regular_city,
          gammafunk_lair_bear_cave, grunt_megastairs_1,
          infiniplex_staircase_pool
Swamp:1:  layout_basic_swamp, evilmike_swamp_ruin_house_5, swamp_pool_4
Swamp:2:  layout_falls_marsh, evilmike_swamp_ruin_rubble_1
Swamp:3:  layout_basic_swamp, hangedman_swamp_cone, swamp_pool_1_2,
          nicolae_swamp_small_spring, nicolae_swamp_decorative_isthmus,
          nicolae_swamp_tree_isthmus, uniq_mlioglotl
Snake:1:  layout_misc_corridors, serial_bayou_lake_a, nicolae_integral_box,
          uniq_agnes, uniq_nikola
